 Dungeon Crawl Stone Soup version 0.19.0-16-g73b5abf (webtiles) character file.

194 Ladykiller69 the Shield-Bearer (level 6, 0/48 HPs)
             Began as a Formicid Fighter on Nov 10, 2016.
             Killed from afar by skk's ghost (8 damage)
             ... with a magic dart
             ... on level 3 of the Dungeon.
             The game lasted 00:06:15 (2705 turns).

Ladykiller69 the Shield-Bearer (Formicid Fighter)   Turns: 2705, Time: 00:06:15

Health: 0/48       AC:  7    Str: 26    XL:     6   Next: 3%
Magic:  6/6        EV:  8    Int:  9    God:
Gold:   110        SH: 10    Dex: 10    Spells: 0 memorised, 5 levels left

rFire  . . .     SeeInvis +     a - +0 war axe
rCold  . . .     Gourm    .     b - +0 scale mail
rNeg   . . .     Faith    .     c - +0 shield
rPois  .         Spirit   .     (helmet unavailable)
rElec  .         Reflect  .     (no cloak)
rCorr  .         Harm     .     (no gloves)
MR     .....                    (no boots)
Stlth  ..........               (no amulet)
                                (no ring)
                                (no ring)

@: mighty
A: permanent stasis, dig shafts and tunnels, four strong arms, antennae 3
a: Dig, Shaft Self


You were on level 3 of the Dungeon.
You were hungry.

You visited 1 branch of the dungeon, and saw 3 of its levels.

You collected 110 gold pieces.

Inventory:

Hand Weapons
 a - a +0 war axe (weapon)
Missiles
 i - 56 stones (quivered)
Armour
 b - a +0 scale mail (worn)
 c - a +0 shield (worn)
Scrolls
 e - a scroll of immolation {unknown}
 g - 5 scrolls of identify {unknown}
 l - a scroll of enchant weapon {unknown}
 m - a scroll of fear {unknown}
 n - a scroll of remove curse {unknown}
Potions
 h - a potion of curing
 k - a potion of flight {unknown}
 p - a potion of cancellation {unknown}
Comestibles
 f - 3 bread rations
 j - a meat ration
 o - 2 beef jerkies


   Skills:
 + Level 4.2 Fighting
 * Level 4.0 Axes
 - Level 4.0 Armour
 + Level 4.7 Shields


You had 5 spell levels left.
You didn't know any spells.

Dungeon Overview and Level Annotations

Branches:
Dungeon (3/15)

Altars:
Nemelex Xobeh

Annotations:
D:1 1 runed door
D:3 skk's ghost, amateur FeCj


Innate Abilities, Weirdness & Mutations

You are under a permanent stasis effect.
You can dig through walls and to a lower floor.
Your four strong arms can wield two-handed weapons with a shield.
You have a pair of large antennae on your head. (SInv)


Message History

You miss skk's ghost.
Skk's ghost is moderately damaged.
You block skk's ghost's attack.
You closely miss skk's ghost.
Skk's ghost is moderately damaged.
You block skk's ghost's attack.
You barely miss skk's ghost.
Skk's ghost is moderately damaged.
Skk's ghost barely misses you. You block skk's ghost's attack.
You barely miss skk's ghost.
Skk's ghost is moderately damaged.
Skk's ghost hits you but does no damage.
You closely miss skk's ghost.
Skk's ghost is moderately damaged.
Skk's ghost completely misses you.
You miss skk's ghost.
Skk's ghost is moderately damaged.
Skk's ghost casts a spell at you. The magic dart hits you!
You die...

#.........###.......{#######
##.....{.## #.#......# #
##.....## #........# ##...##
#####.#### ########'## ....
#.......W.# .⌠.⌠ #.######..#
#.._. ...##..# #####⌠
#.#...####@#
#......##W######.#
#.#...####.......#
..#....####.#######
#.###........# ##
#.#.####### #.##.# ## #.#
#.#


You could see skk's ghost.

Vanquished Creatures
  Natasha (thrice) (D:2)
  5 adders
  2 worms (D:2)
  2 dart slugs
  2 leopard geckos (D:2)
  5 orcs
  2 giant cockroaches
  7 goblins
  9 hobgoblins
  7 jackals
  2 kobolds (D:2)
  A quokka (D:2)
  2 ball pythons (D:2)
  6 bats
  3 frilled lizards
  5 rats
63 creatures vanquished.

Notes
Turn   | Place    | Note
-------+----------+-------------------------------------------
     0 | D:1      | Ladykiller69 the Formicid Fighter began the quest for the Orb.
     0 | D:1      | Reached XP level 1. HP: 18/18 MP: 1/1
     1 | D:1      | Found a runed door.
   128 | D:1      | Reached XP level 2. HP: 18/24 MP: 2/2
   690 | D:2      | Reached XP level 3. HP: 23/29 MP: 3/3
  1020 | D:2      | Reached XP level 4. HP: 35/35 MP: 4/4
  1318 | D:2      | Noticed Natasha
  1333 | D:2      | Killed Natasha
  1333 | D:2      | Reached XP level 5. HP: 30/42 MP: 5/5
  1373 | D:2      | Noticed Natasha
  1649 | D:2      | Killed Natasha
  1691 | D:2      | Noticed Natasha
  1701 | D:2      | Killed Natasha
  2251 | D:3      | Found a sparkling altar of Nemelex Xobeh.
  2261 | D:3      | Noticed skk's ghost (amateur FeCj)
  2317 | D:2      | Reached XP level 6. HP: 20/48 MP: 6/6
  2705 | D:3      | Killed from afar by skk's ghost

Skill      XL: |  1  2  3  4  5 |
---------------+----------------+-----
Shields        | 4 |  4.7
Axes           | 3 4 |  4.0
Armour         | 4 |  4.0
Fighting       | 4 |  4.2

Action                   |  1- 3 |  4- 6 || total
-------------------------+-------+-------++-------
Melee: War axe           |    80 |   221 ||   301
 Abil: Dig               |     2 |     4 ||     6
  Use: Potion            |       |     2 ||     2
  Eat: Chunk             |     1 |     6 ||     7
Armor: Scale mail        |    40 |    94 ||   134
Dodge: Dodged            |    35 |    86 ||   121
Block: Shield            |    43 |   120 ||   163
